Oilers vs Avalanche

Created - September-12-13 at 18:05

Simulating a Pre-Season

Goals
1 2 3 OT1 T
Oilers 1 0 1 1 3
Avalanche 0 2 0 0 2
Shots
1 2 3 OT1 T
Oilers 3 10 8 1 22
Avalanche 16 9 8 0 33

1st period

1. Oilers , Colin McDonald 1 (Sheldon Souray, Chris Phillips) at 2:23 (PP)

Penalties :
Chris Stewart (COL) for Tripping (Minor) at 0:37, Maxime Talbot (EDM) for Hooking (Minor) at 2:51, Chris Phillips (EDM) for Tripping (Minor) at 10:39, Victor Bartley (COL) for High sticking (Minor) at 15:15, Derek Roy (EDM) for High sticking (Minor) at 15:43

2nd period

2. Avalanche , Derek Stepan 3 (Victor Bartley, Marcus Johansson) at 4:51
3. Avalanche , John Carlson 1 (Derek Stepan) at 8:55 (PP)

Penalties :
Scott Hannan (EDM) for Hooking (Minor) at 8:53, Drew Miller (EDM) for Tripping (Minor) at 10:15, Scott Hannan (EDM) for Hooking (Minor) at 18:51

3rd period

4. Oilers , Jakub Voracek 2 (Derek Roy, Chris Phillips) at 15:29 (PP)

Penalties :
Justin Abdelkader (COL) for Boarding (Minor) at 1:57, Colin McDonald (EDM) for Holding (Minor) at 2:11, Chris Stewart (COL) for Interference (Minor) at 7:37, Nicklas Grossmann (EDM) for Hooking (Minor) at 7:37, Michael Del Zotto (COL) for Slashing (Minor) at 14:55, Alexei Emelin (COL) for Hooking (Minor) at 19:00

Overtime #1

5. Oilers , Jakub Voracek 3 (Chris Phillips, Derek Roy) at 0:47 (PP)

Penalties :
Derek Stepan (COL) for Cross-checking (Minor) at 0:13

Goalie Stats

Ben Scrivens (EDM), 31 saves from 33 shots - (0.939), W, 1-1-0, 60:48 minutes
Evgeni Nabokov (COL), 19 saves from 22 shots - (0.864), OTL, 1-0-1, 60:48 minutes

Players Stats for Oilers

Player Name              G  A  P  +/- PIM S  H  SB GA TA FO     MP     PP MP  PK MP  
------------------------------------------------------------------------------------
Adam Burish              0  0  0  -1  0   0  1  1  0  0  0/1     4:03   0:00   0:55 
Ben Street               0  0  0  -1  0   1  0  0  0  0  2/5     3:08   0:00   0:00 
Brian Flynn              0  0  0   0  0   1  0  0  0  0  9/22   13:16   1:38   1:56 
Chad Ruhwedel            0  0  0   0  0   0  0  1  0  0  0/0    19:46   0:00   3:44 
Chris Phillips           0  3  3  -1  2   1  2  1  0  0  0/0    20:41   3:14   3:57 
Colin McDonald           1  0  1   0  2   1  3  0  0  0  0/1    13:53   1:37   0:00 
Daniel Bang              0  0  0  -1  0   0  0  0  0  0  0/0     3:48   0:00   0:40 
David Backes             0  0  0   0  0   2  3  0  0  0  8/17   14:02   0:00   1:46 
Derek Roy                0  2  2   0  2   5  0  0  0  0  14/29  21:25   2:56   0:00 
Drew Miller              0  0  0   0  2   0  5  0  0  0  1/1    14:38   0:00   4:57 
Jakub Voracek            2  0  2   0  0   4  1  0  0  0  1/2    22:48   2:57   0:00 
Jeff Schultz             0  0  0  -1  0   0  0  1  0  0  0/0    19:23   1:21   1:24 
Jochen Hecht             0  0  0   0  0   0  0  0  0  0  8/21   20:43   1:38   5:49 
Maxime Talbot            0  0  0   0  2   1  6  0  0  0  1/2    23:06   2:57   1:17 
Nicklas Grossmann        0  0  0   0  2   0  4  0  0  0  0/0    22:28   0:00   4:33 
Ruslan Fedotenko         0  0  0   0  0   5  0  0  0  0  0/0    13:21   0:00   0:00 
Scott Hannan             0  0  0   0  4   0  3  0  0  0  0/0    21:49   1:21   3:15 
Sheldon Souray           0  1  1   0  0   1  1  2  0  0  0/0    17:25   3:14   0:27 

Players Stats for Avalanche

Player Name              G  A  P  +/- PIM S  H  SB GA TA FO     MP     PP MP  PK MP  
------------------------------------------------------------------------------------
Alexei Emelin            0  0  0   0  2   0  5  0  0  0  0/0    11:49   0:00   1:53 
Brayden Schenn           0  0  0   0  0   1  3  0  0  0  1/2     9:19   0:54   0:00 
Brian Gionta             0  0  0   0  0   2  0  0  0  0  0/0    11:33   0:00   3:08 
Chris Stewart            0  0  0   1  4   2  4  0  0  0  0/1    15:46   2:58   0:00 
Cody Hodgson             0  0  0   0  0   1  0  1  0  0  10/23  19:04   3:16   0:00 
Derek Stepan             1  1  2   1  2   9  1  0  0  0  27/44  24:43   4:48   3:03 
Drew Shore               0  0  0   0  0   0  0  0  0  0  7/12    8:25   0:00   0:00 
Johan Franzen            0  0  0   0  0   2  6  0  0  0  3/4    21:12   5:24   0:00 
John Carlson             1  0  1   0  0   5  1  0  0  0  0/0    27:06   5:05   1:50 
Justin Abdelkader        0  0  0   0  2   0  1  0  0  0  0/0     6:13   0:00   0:00 
Kevin Porter             0  0  0   0  0   0  0  0  0  0  5/9     7:25   0:18   0:53 
Kevin Shattenkirk        0  0  0   1  0   3  1  0  0  0  0/0    23:45   3:35   2:59 
Marcus Johansson         0  1  1   1  0   0  0  0  0  0  1/1    16:52   2:58   0:52 
Marian Hossa             0  0  0   0  0   3  0  0  0  0  3/5    24:42   5:24   0:53 
Michael Del Zotto        0  0  0   0  2   2  1  1  0  0  0/0    25:28   5:05   2:20 
Travis Moen              0  0  0   0  0   0  1  0  0  0  0/0     6:14   0:00   0:00 
Tyson Barrie             0  0  0   0  0   3  0  0  0  0  0/0    16:22   3:35   0:00 
Victor Bartley           0  1  1   1  2   0  3  0  0  0  0/0    17:03   0:00   0:36 

3 Stars

1 - Jakub Voracek (EDM)
2 - Derek Stepan (COL)
3 - Ben Scrivens (EDM)

Power Play

Oilers - 3 on 6 Attempt(s) - 50.00%
Avalanche - 1 on 7 Attempt(s) - 14.29%

Penalty Kill

Oilers - 6 on 7 Attempt(s) - 85.71% - Score 0 goal in Penalty Kill
Avalanche - 3 on 6 Attempt(s) - 50.00% - Score 0 goal in Penalty Kill

Official

Referees : Dave Lewis and Francis Charron
Linesman : Steve Barton and Scott Cherrey

Game Notes

No Game Note

% Time on Ice - Oilers

Lines # - Real PCT - Wanted PCT - Time Play
Normal Forward
1 - 40% - 40% - 16:58
2 - 29% - 30% - 12:16
3 - 23% - 25% - 9:42
4 - 7% - 5% - 3:08
Normal Defense
1 - 32% - 30% - 13:31
2 - 30% - 30% - 12:40
3 - 32% - 30% - 13:40
4 - 5% - 10% - 2:13
PP Forward
1 - 64% - 60% - 2:57
2 - 36% - 40% - 1:38
PP Defense
1 - 71% - 60% - 3:14
2 - 29% - 40% - 1:21
PK Forward
1 - 78% - 60% - 6:44
2 - 22% - 40% - 1:56
PK Defense
1 - 62% - 60% - 5:21
2 - 38% - 40% - 3:19
PK3 Forward
1 - 0% - 60%
2 - 0% - 40%
PK3 Defense
1 - 0% - 60%
2 - 0% - 40%
44 Forward
1 - 65% - 60% - 3:34
2 - 35% - 40% - 1:55
44 Defense
1 - 57% - 60% - 3:07
2 - 43% - 40% - 2:22
Last Minute Offensive  - 0:00
Last Minute Defensive  - 0:00
Total
Forward - 60:48
Defense - 60:48

% Time on Ice - Avalanche

Lines # - Real PCT - Wanted PCT - Time Play
Normal Forward
1 - 35% - 37% - 14:35
2 - 31% - 33% - 12:50
3 - 20% - 22% - 8:25
4 - 15% - 8% - 6:14
Normal Defense
1 - 37% - 36% - 15:39
2 - 34% - 34% - 14:21
3 - 24% - 20% - 9:57
4 - 5% - 10% - 2:07
PP Forward
1 - 62% - 60% - 5:24
2 - 38% - 40% - 3:16
PP Defense
1 - 59% - 60% - 5:05
2 - 41% - 40% - 3:35
PK Forward
1 - 78% - 60% - 3:08
2 - 22% - 40% - 0:53
PK Defense
1 - 36% - 60% - 1:26
2 - 64% - 40% - 2:35
PK3 Forward
1 - 100% - 55% - 0:48
2 - 0% - 45% - 0:00
PK3 Defense
1 - 50% - 53% - 0:24
2 - 50% - 47% - 0:24
44 Forward
1 - 77% - 60% - 4:02
2 - 23% - 40% - 1:13
44 Defense
1 - 46% - 60% - 2:25
2 - 54% - 40% - 2:50
Last Minute Offensive  - 0:00
Last Minute Defensive  - 0:00
Total
Forward - 60:48
Defense - 60:48

Play by Play

1st period


0:01 of 1st period - Cody Hodgson wins face-off versus Jakub Voracek in neutral zone.
0:10 of 1st period - Shot by Johan Franzen.
0:10 of 1st period - Shot Misses the Net.
0:30 of 1st period - Shot by Derek Roy.
0:30 of 1st period - Stopped by Evgeni Nabokov without a rebound.
0:31 of 1st period - Derek Stepan wins face-off versus David Backes in Avalanche zone.
0:37 of 1st period - Minor Penalty to Chris Stewart for Tripping.
0:38 of 1st period - Derek Stepan wins face-off versus Brian Flynn in Avalanche zone.
2:02 of 1st period - Shot by Jakub Voracek.
2:02 of 1st period - Deflect By Derek Roy.
2:02 of 1st period - Stopped by Evgeni Nabokov without a rebound.
2:03 of 1st period - Derek Stepan wins face-off versus Colin McDonald in Avalanche zone.
2:17 of 1st period - Shot by Chris Phillips.
2:17 of 1st period - Shot Misses the Net.
2:19 of 1st period - Shot by Sheldon Souray.
2:19 of 1st period - Shot Misses the Net.
2:23 of 1st period - Shot by Colin McDonald.
2:23 of 1st period - Goal by Colin McDonald - Oilers : 1 - Avalanche : 0.
2:24 of 1st period - Marian Hossa wins face-off versus Ben Street in neutral zone.
2:24 of 1st period - Johan Franzen is hit by Adam Burish and loses puck.
2:35 of 1st period - Shot by John Carlson.
2:35 of 1st period - Stopped by Ben Scrivens without a rebound.
2:36 of 1st period - Kevin Porter wins face-off versus Derek Roy in Oilers zone.
2:36 of 1st period - Justin Abdelkader is hit by Nicklas Grossmann and loses puck.
2:42 of 1st period - Icing by Maxime Talbot.
2:43 of 1st period - Derek Stepan wins face-off versus Derek Roy in Oilers zone.
2:51 of 1st period - Minor Penalty to Maxime Talbot for Hooking.
2:52 of 1st period - Derek Stepan wins face-off versus Jochen Hecht in Oilers zone.
2:57 of 1st period - Shot by Michael Del Zotto.
2:57 of 1st period - Stopped by Ben Scrivens with a rebound.
3:09 of 1st period - Drew Miller is hit by Johan Franzen.
3:20 of 1st period - Off-side.
3:21 of 1st period - Cody Hodgson wins face-off versus Jochen Hecht in neutral zone.
3:37 of 1st period - Shot by Tyson Barrie.
3:37 of 1st period - Stopped by Ben Scrivens without a rebound.
3:38 of 1st period - Derek Stepan wins face-off versus Brian Flynn in Oilers zone.
3:53 of 1st period - Shot by Michael Del Zotto.
3:53 of 1st period - Shot Misses the Net.
3:55 of 1st period - Shot by Derek Stepan.
3:55 of 1st period - Stopped by Ben Scrivens with a rebound.
3:57 of 1st period - Shot by John Carlson.
3:57 of 1st period - Stopped by Ben Scrivens without a rebound.
3:58 of 1st period - Cody Hodgson wins face-off versus Jochen Hecht in Oilers zone.
4:03 of 1st period - Shot by Kevin Shattenkirk.
4:03 of 1st period - Stopped by Ben Scrivens without a rebound.
4:04 of 1st period - Jochen Hecht wins face-off versus Derek Stepan in Oilers zone.
4:35 of 1st period - Shot by Derek Stepan.
4:35 of 1st period - Stopped by Ben Scrivens without a rebound.
4:36 of 1st period - Brian Flynn wins face-off versus Cody Hodgson in Oilers zone.
4:45 of 1st period - Shot by Chris Stewart.
4:45 of 1st period - Shot Blocked by Chris Phillips.
4:47 of 1st period - Shot by Chris Stewart.
4:47 of 1st period - Stopped by Ben Scrivens without a rebound.
4:48 of 1st period - Jochen Hecht wins face-off versus Chris Stewart in Oilers zone.
4:48 of 1st period - Jochen Hecht is hit by Chris Stewart.
5:02 of 1st period - Shot by Jakub Voracek.
5:02 of 1st period - Shot Misses the Net.
7:11 of 1st period - Shot by Brian Flynn.
7:11 of 1st period - Shot Misses the Net.
7:27 of 1st period - Shot by Johan Franzen.
7:27 of 1st period - Stopped by Ben Scrivens without a rebound.
7:28 of 1st period - Derek Roy wins face-off versus Kevin Porter in Oilers zone.
7:37 of 1st period - Shot by Justin Abdelkader.
7:37 of 1st period - Shot Misses the Net.
8:32 of 1st period - Shot by Brayden Schenn.
8:32 of 1st period - Shot Misses the Net.
8:34 of 1st period - Shot by Brian Gionta.
8:34 of 1st period - Stopped by Ben Scrivens without a rebound.
8:35 of 1st period - Cody Hodgson wins face-off versus Brian Flynn in Oilers zone.
9:00 of 1st period - Chris Phillips is hit by Johan Franzen and loses puck.
9:10 of 1st period - Off-side.
9:11 of 1st period - David Backes wins face-off versus Derek Stepan in neutral zone.
10:01 of 1st period - Icing by John Carlson.
10:02 of 1st period - Derek Roy wins face-off versus Derek Stepan in Avalanche zone.
10:24 of 1st period - Chris Phillips is hit by Derek Stepan.
10:39 of 1st period - Minor Penalty to Chris Phillips for Tripping.
10:40 of 1st period - Johan Franzen wins face-off versus Jochen Hecht in Oilers zone.
10:43 of 1st period - Shot by Tyson Barrie.
10:43 of 1st period - Stopped by Ben Scrivens with a rebound.
11:09 of 1st period - Shot by Tyson Barrie.
11:09 of 1st period - Stopped by Ben Scrivens without a rebound.
11:10 of 1st period - Derek Stepan wins face-off versus Jochen Hecht in Oilers zone.
12:10 of 1st period - Shot by John Carlson.
12:10 of 1st period - Shot Blocked by Chad Ruhwedel.
12:18 of 1st period - Shot by Cody Hodgson.
12:18 of 1st period - Shot Misses the Net.
12:20 of 1st period - Shot by John Carlson.
12:20 of 1st period - Stopped by Ben Scrivens without a rebound.
12:21 of 1st period - Brian Flynn wins face-off versus Cody Hodgson in Oilers zone.
12:21 of 1st period - Brian Flynn is hit by Brayden Schenn.
12:43 of 1st period - Icing by Sheldon Souray.
12:44 of 1st period - Kevin Porter wins face-off versus David Backes in Oilers zone.
13:26 of 1st period - Icing by Tyson Barrie.
13:27 of 1st period - Kevin Porter wins face-off versus Derek Roy in Avalanche zone.
14:13 of 1st period - Shot by Kevin Shattenkirk.
14:13 of 1st period - Stopped by Ben Scrivens without a rebound.
14:14 of 1st period - Derek Stepan wins face-off versus Brian Flynn in Oilers zone.
14:14 of 1st period - Derek Stepan is hit by Nicklas Grossmann.
14:36 of 1st period - Shot by Derek Stepan.
14:36 of 1st period - Shot Misses the Net.
14:42 of 1st period - Shot by Derek Stepan.
14:42 of 1st period - Stopped by Ben Scrivens without a rebound.
14:43 of 1st period - David Backes wins face-off versus Johan Franzen in Oilers zone.
15:13 of 1st period - Icing by Victor Bartley.
15:14 of 1st period - Brian Flynn wins face-off versus Cody Hodgson in Avalanche zone.
15:14 of 1st period - Nicklas Grossmann is hit by Victor Bartley and loses puck.
15:15 of 1st period - Minor Penalty to Victor Bartley for High sticking.
15:16 of 1st period - Derek Stepan wins face-off versus Derek Roy in Avalanche zone.
15:43 of 1st period - Minor Penalty to Derek Roy for High sticking.
15:44 of 1st period - Derek Stepan wins face-off versus Jochen Hecht in Oilers zone.
16:11 of 1st period - Shot by Marian Hossa.
16:11 of 1st period - Stopped by Ben Scrivens without a rebound.
16:12 of 1st period - Derek Stepan wins face-off versus Jochen Hecht in Oilers zone.
16:13 of 1st period - Shot by Marian Hossa.
16:13 of 1st period - Shot Misses the Net.
16:16 of 1st period - Icing by Chad Ruhwedel.
16:17 of 1st period - Jochen Hecht wins face-off versus Derek Stepan in Oilers zone.
17:53 of 1st period - Icing by Drew Shore.
17:54 of 1st period - Drew Shore wins face-off versus David Backes in Avalanche zone.
17:54 of 1st period - Drew Shore is hit by David Backes.
17:57 of 1st period - Icing by Brayden Schenn.
17:58 of 1st period - Drew Shore wins face-off versus David Backes in Avalanche zone.
18:17 of 1st period - Chris Phillips is hit by Brayden Schenn.
18:51 of 1st period - Icing by Victor Bartley.
18:52 of 1st period - Drew Shore wins face-off versus Derek Roy in Avalanche zone.
19:11 of 1st period - Off-side.
19:12 of 1st period - Brian Flynn wins face-off versus Cody Hodgson in neutral zone.
19:16 of 1st period - Off-side.
19:17 of 1st period - Derek Roy wins face-off versus Cody Hodgson in neutral zone.
19:36 of 1st period - Shot by Marian Hossa.
19:36 of 1st period - Shot Misses the Net.
19:52 of 1st period - Shot by Michael Del Zotto.
19:52 of 1st period - Shot Blocked by Sheldon Souray.
19:54 of 1st period - Shot by Michael Del Zotto.
19:54 of 1st period - Shot Misses the Net.

2nd period


0:01 of 2nd period - Brian Flynn wins face-off versus Cody Hodgson in neutral zone.
0:13 of 2nd period - Icing by Michael Del Zotto.
0:14 of 2nd period - Derek Roy wins face-off versus Marian Hossa in Avalanche zone.
0:15 of 2nd period - Shot by Sheldon Souray.
0:15 of 2nd period - Shot Misses the Net.
0:25 of 2nd period - Shot by Marian Hossa.
0:25 of 2nd period - Deflect By Cody Hodgson.
0:25 of 2nd period - Stopped by Ben Scrivens without a rebound.
0:26 of 2nd period - Brian Flynn wins face-off versus Derek Stepan in Oilers zone.
0:26 of 2nd period - Brian Flynn is hit by Chris Stewart.
0:48 of 2nd period - Shot by Derek Stepan.
0:48 of 2nd period - Stopped by Ben Scrivens without a rebound.
0:49 of 2nd period - Marian Hossa wins face-off versus Derek Roy in Oilers zone.
0:53 of 2nd period - Cody Hodgson is hit by Chris Phillips and loses puck.
0:56 of 2nd period - Shot by Cody Hodgson.
0:56 of 2nd period - Shot Misses the Net.
0:58 of 2nd period - Shot by John Carlson.
0:58 of 2nd period - Shot Misses the Net.
1:00 of 2nd period - Shot by Marian Hossa.
1:00 of 2nd period - Stopped by Ben Scrivens without a rebound.
1:01 of 2nd period - Jochen Hecht wins face-off versus Derek Stepan in Oilers zone.
1:01 of 2nd period - Jochen Hecht is hit by Chris Stewart.
1:08 of 2nd period - Icing by Drew Miller.
1:09 of 2nd period - Brian Flynn wins face-off versus Cody Hodgson in Oilers zone.
1:09 of 2nd period - Brian Flynn is hit by Johan Franzen.
1:37 of 2nd period - John Carlson is hit by Scott Hannan and loses puck.
1:41 of 2nd period - Icing by Drew Miller.
1:42 of 2nd period - Derek Stepan wins face-off versus Brian Flynn in Oilers zone.
2:58 of 2nd period - Marian Hossa is hit by Maxime Talbot and loses puck.
3:43 of 2nd period - Icing by Alexei Emelin.
3:44 of 2nd period - Brayden Schenn wins face-off versus Brian Flynn in Avalanche zone.
3:46 of 2nd period - Icing by Alexei Emelin.
3:47 of 2nd period - Brian Flynn wins face-off versus Drew Shore in Avalanche zone.
3:47 of 2nd period - Drew Miller is hit by Alexei Emelin and loses puck.
4:07 of 2nd period - Icing by Tyson Barrie.
4:08 of 2nd period - Ben Street wins face-off versus Drew Shore in Avalanche zone.
4:08 of 2nd period - Ben Street is hit by Alexei Emelin.
4:19 of 2nd period - Icing by Chris Phillips.
4:20 of 2nd period - Derek Stepan wins face-off versus Ben Street in Oilers zone.
4:37 of 2nd period - Shot by Marcus Johansson.
4:37 of 2nd period - Deflect By Derek Stepan.
4:37 of 2nd period - Shot Blocked by Adam Burish.
4:39 of 2nd period - Shot by Derek Stepan.
4:39 of 2nd period - Shot Misses the Net.
4:51 of 2nd period - Shot by Derek Stepan.
4:51 of 2nd period - Goal by Derek Stepan - Oilers : 1 - Avalanche : 1.
4:52 of 2nd period - Johan Franzen wins face-off versus Derek Roy in neutral zone.
5:04 of 2nd period - Jakub Voracek is hit by John Carlson and loses puck.
6:05 of 2nd period - Shot by Kevin Shattenkirk.
6:05 of 2nd period - Stopped by Ben Scrivens without a rebound.
6:06 of 2nd period - David Backes wins face-off versus Brayden Schenn in Oilers zone.
6:57 of 2nd period - Icing by Brian Gionta.
6:58 of 2nd period - Drew Shore wins face-off versus Brian Flynn in Avalanche zone.
6:58 of 2nd period - Tyson Barrie is hit by Drew Miller and loses puck.
8:01 of 2nd period - Icing by Derek Stepan.
8:02 of 2nd period - Derek Roy wins face-off versus Derek Stepan in Avalanche zone.
8:17 of 2nd period - Shot by Jakub Voracek.
8:17 of 2nd period - Shot Misses the Net.
8:19 of 2nd period - Shot by Derek Roy.
8:19 of 2nd period - Stopped by Evgeni Nabokov without a rebound.
8:20 of 2nd period - Cody Hodgson wins face-off versus David Backes in Avalanche zone.
8:20 of 2nd period - Cody Hodgson is hit by David Backes.
8:32 of 2nd period - Shot by David Backes.
8:32 of 2nd period - Shot Blocked by Michael Del Zotto.
8:34 of 2nd period - Shot by Colin McDonald.
8:34 of 2nd period - Shot Misses the Net.
8:36 of 2nd period - Shot by Ruslan Fedotenko.
8:36 of 2nd period - Stopped by Evgeni Nabokov without a rebound.
8:37 of 2nd period - Jakub Voracek wins face-off versus Drew Shore in Avalanche zone.
8:37 of 2nd period - Derek Roy is hit by Alexei Emelin and loses puck.
8:44 of 2nd period - Shot by Brian Gionta.
8:44 of 2nd period - Shot Blocked by Sheldon Souray.
8:46 of 2nd period - Shot by Brian Gionta.
8:46 of 2nd period - Shot Misses the Net.
8:53 of 2nd period - Minor Penalty to Scott Hannan for Hooking.
8:54 of 2nd period - Derek Stepan wins face-off versus Jochen Hecht in Oilers zone.
8:55 of 2nd period - Shot by John Carlson.
8:55 of 2nd period - Goal by John Carlson - Oilers : 1 - Avalanche : 2.
8:56 of 2nd period - Marian Hossa wins face-off versus Derek Roy in neutral zone.
9:23 of 2nd period - Icing by John Carlson.
9:24 of 2nd period - Cody Hodgson wins face-off versus David Backes in Avalanche zone.
9:24 of 2nd period - Cody Hodgson is hit by Colin McDonald.
9:37 of 2nd period - Shot by Ruslan Fedotenko.
9:37 of 2nd period - Stopped by Evgeni Nabokov without a rebound.
9:38 of 2nd period - Derek Stepan wins face-off versus Brian Flynn in Avalanche zone.
9:38 of 2nd period - Derek Stepan is hit by Drew Miller.
9:41 of 2nd period - Kevin Shattenkirk is hit by Drew Miller and loses puck.
9:53 of 2nd period - Drew Miller is hit by Kevin Shattenkirk and loses puck.
10:06 of 2nd period - Shot by Jochen Hecht.
10:06 of 2nd period - Shot Misses the Net.
10:15 of 2nd period - Minor Penalty to Drew Miller for Tripping.
10:16 of 2nd period - Derek Stepan wins face-off versus Jochen Hecht in Oilers zone.
10:51 of 2nd period - Shot by John Carlson.
10:51 of 2nd period - Shot Misses the Net.
11:56 of 2nd period - Nicklas Grossmann is hit by Chris Stewart.
12:17 of 2nd period - Victor Bartley is hit by Sheldon Souray and loses puck.
12:30 of 2nd period - Shot by Derek Roy.
12:30 of 2nd period - Shot Misses the Net.
12:41 of 2nd period - Jakub Voracek is hit by Victor Bartley and loses puck.
12:47 of 2nd period - Icing by Kevin Porter.
12:48 of 2nd period - Kevin Porter wins face-off versus David Backes in Avalanche zone.
13:13 of 2nd period - Shot by Ruslan Fedotenko.
13:13 of 2nd period - Stopped by Evgeni Nabokov with a rebound.
13:15 of 2nd period - Shot by Ruslan Fedotenko.
13:15 of 2nd period - Stopped by Evgeni Nabokov without a rebound.
13:16 of 2nd period - Cody Hodgson wins face-off versus Derek Roy in Avalanche zone.
13:16 of 2nd period - Cody Hodgson is hit by Jakub Voracek.
14:44 of 2nd period - Shot by Derek Stepan.
14:44 of 2nd period - Stopped by Ben Scrivens without a rebound.
14:45 of 2nd period - David Backes wins face-off versus Drew Shore in Oilers zone.
14:54 of 2nd period - Shot by David Backes.
14:54 of 2nd period - Stopped by Evgeni Nabokov without a rebound.
14:55 of 2nd period - Derek Stepan wins face-off versus Adam Burish in Avalanche zone.
15:08 of 2nd period - Shot by Ben Street.
15:08 of 2nd period - Stopped by Evgeni Nabokov without a rebound.
15:09 of 2nd period - Drew Shore wins face-off versus Derek Roy in Avalanche zone.
15:09 of 2nd period - Drew Shore is hit by Maxime Talbot.
15:24 of 2nd period - Drew Shore is hit by Chris Phillips and loses puck.
15:27 of 2nd period - Shot by Brian Gionta.
15:27 of 2nd period - Stopped by Ben Scrivens without a rebound.
15:28 of 2nd period - David Backes wins face-off versus Derek Stepan in Oilers zone.
16:02 of 2nd period - Icing by Chad Ruhwedel.
16:03 of 2nd period - David Backes wins face-off versus Cody Hodgson in Oilers zone.
16:08 of 2nd period - Shot by Ruslan Fedotenko.
16:08 of 2nd period - Stopped by Evgeni Nabokov with a rebound.
16:16 of 2nd period - Shot by David Backes.
16:16 of 2nd period - Stopped by Evgeni Nabokov without a rebound.
16:17 of 2nd period - Drew Shore wins face-off versus Derek Roy in Avalanche zone.
16:17 of 2nd period - Drew Shore is hit by Maxime Talbot.
16:24 of 2nd period - Off-side.
16:25 of 2nd period - Derek Roy wins face-off versus Cody Hodgson in neutral zone.
16:40 of 2nd period - Shot by Derek Roy.
16:40 of 2nd period - Shot Blocked by Cody Hodgson.
16:42 of 2nd period - Shot by Jakub Voracek.
16:42 of 2nd period - Stopped by Evgeni Nabokov without a rebound.
16:43 of 2nd period - Derek Stepan wins face-off versus Brian Flynn in Avalanche zone.
17:13 of 2nd period - Shot by Chris Stewart.
17:13 of 2nd period - Stopped by Ben Scrivens without a rebound.
17:14 of 2nd period - Cody Hodgson wins face-off versus Derek Roy in Oilers zone.
17:18 of 2nd period - Icing by Nicklas Grossmann.
17:19 of 2nd period - Derek Roy wins face-off versus Cody Hodgson in Oilers zone.
17:24 of 2nd period - Cody Hodgson is hit by Maxime Talbot and loses puck.
18:51 of 2nd period - Minor Penalty to Scott Hannan for Hooking.
18:52 of 2nd period - Derek Stepan wins face-off versus Jochen Hecht in Oilers zone.
19:17 of 2nd period - Tyson Barrie is hit by Drew Miller and loses puck.
19:58 of 2nd period - Shot by Chris Stewart.
19:58 of 2nd period - Shot Misses the Net.

3rd period


0:01 of 3rd period - Jochen Hecht wins face-off versus Derek Stepan in neutral zone.
0:20 of 3rd period - Shot by Michael Del Zotto.
0:20 of 3rd period - Stopped by Ben Scrivens with a rebound.
1:19 of 3rd period - Shot by Brian Gionta.
1:19 of 3rd period - Deflect By Brayden Schenn.
1:19 of 3rd period - Stopped by Ben Scrivens without a rebound.
1:20 of 3rd period - Derek Roy wins face-off versus Kevin Porter in Oilers zone.
1:20 of 3rd period - Jeff Schultz is hit by Travis Moen and loses puck.
1:28 of 3rd period - Icing by Maxime Talbot.
1:29 of 3rd period - Derek Roy wins face-off versus Kevin Porter in Oilers zone.
1:57 of 3rd period - Minor Penalty to Justin Abdelkader for Boarding.
1:58 of 3rd period - Derek Stepan wins face-off versus Jochen Hecht in Avalanche zone.
1:58 of 3rd period - Derek Stepan is hit by Colin McDonald.
2:11 of 3rd period - Minor Penalty to Colin McDonald for Holding.
2:12 of 3rd period - Derek Stepan wins face-off versus Jochen Hecht in Oilers zone.
2:13 of 3rd period - Shot by Marian Hossa.
2:13 of 3rd period - Shot Misses the Net.
2:15 of 3rd period - Shot by Marian Hossa.
2:15 of 3rd period - Stopped by Ben Scrivens with a rebound.
2:23 of 3rd period - Shot by Marian Hossa.
2:23 of 3rd period - Shot Blocked by Jeff Schultz.
2:29 of 3rd period - Shot by Marian Hossa.
2:29 of 3rd period - Deflect By Derek Stepan.
2:29 of 3rd period - Stopped by Ben Scrivens with a rebound.
2:55 of 3rd period - Shot by Marian Hossa.
2:55 of 3rd period - Deflect By Derek Stepan.
2:55 of 3rd period - Stopped by Ben Scrivens without a rebound.
2:56 of 3rd period - Derek Roy wins face-off versus Marian Hossa in Oilers zone.
3:01 of 3rd period - Shot by Derek Roy.
3:01 of 3rd period - Shot Misses the Net.
4:10 of 3rd period - Shot by John Carlson.
4:10 of 3rd period - Stopped by Ben Scrivens without a rebound.
4:11 of 3rd period - David Backes wins face-off versus Drew Shore in Oilers zone.
4:11 of 3rd period - Sheldon Souray is hit by Brayden Schenn and loses puck.
4:21 of 3rd period - Icing by Sheldon Souray.
4:22 of 3rd period - Kevin Porter wins face-off versus David Backes in Oilers zone.
4:30 of 3rd period - Michael Del Zotto is hit by Scott Hannan and loses puck.
4:48 of 3rd period - John Carlson is hit by David Backes and loses puck.
5:42 of 3rd period - Shot by Derek Roy.
5:42 of 3rd period - Stopped by Evgeni Nabokov with a rebound.
5:44 of 3rd period - Shot by Derek Roy.
5:44 of 3rd period - Shot Misses the Net.
5:46 of 3rd period - Shot by Maxime Talbot.
5:46 of 3rd period - Stopped by Evgeni Nabokov without a rebound.
5:47 of 3rd period - Derek Stepan wins face-off versus Brian Flynn in Avalanche zone.
5:56 of 3rd period - Shot by Jochen Hecht.
5:56 of 3rd period - Shot Misses the Net.
5:58 of 3rd period - Shot by Brian Flynn.
5:58 of 3rd period - Stopped by Evgeni Nabokov without a rebound.
5:59 of 3rd period - Cody Hodgson wins face-off versus Ben Street in Avalanche zone.
6:06 of 3rd period - Icing by Jeff Schultz.
6:07 of 3rd period - Ben Street wins face-off versus Cody Hodgson in Oilers zone.
6:59 of 3rd period - Derek Roy is hit by Johan Franzen and loses puck.
7:37 of 3rd period - Minor Penalty to Chris Stewart for Interference.
7:37 of 3rd period - Minor Penalty to Nicklas Grossmann for Hooking.
7:38 of 3rd period - Jochen Hecht wins face-off versus Derek Stepan in Oilers zone.
7:49 of 3rd period - Shot by Jakub Voracek.
7:49 of 3rd period - Stopped by Evgeni Nabokov without a rebound.
7:50 of 3rd period - Jochen Hecht wins face-off versus Derek Stepan in Avalanche zone.
8:12 of 3rd period - Icing by Tyson Barrie.
8:13 of 3rd period - Jochen Hecht wins face-off versus Derek Stepan in Avalanche zone.
8:53 of 3rd period - Shot by Johan Franzen.
8:53 of 3rd period - Stopped by Ben Scrivens without a rebound.
8:54 of 3rd period - Johan Franzen wins face-off versus Derek Roy in Oilers zone.
9:57 of 3rd period - Ben Street is hit by Alexei Emelin and loses puck.
10:00 of 3rd period - Shot by Daniel Bang.
10:00 of 3rd period - Shot Misses the Net.
10:19 of 3rd period - Tyson Barrie is hit by Nicklas Grossmann and loses puck.
10:30 of 3rd period - Off-side.
10:31 of 3rd period - Derek Stepan wins face-off versus Brian Flynn in neutral zone.
10:39 of 3rd period - Marcus Johansson is hit by Nicklas Grossmann and loses puck.
11:12 of 3rd period - Off-side.
11:13 of 3rd period - Derek Roy wins face-off versus Cody Hodgson in neutral zone.
11:28 of 3rd period - Shot by Jakub Voracek.
11:28 of 3rd period - Shot Misses the Net.
11:35 of 3rd period - Derek Roy is hit by Michael Del Zotto.
12:25 of 3rd period - Brian Gionta is hit by Colin McDonald and loses puck.
12:39 of 3rd period - Colin McDonald is hit by Alexei Emelin and loses puck.
13:03 of 3rd period - Icing by Tyson Barrie.
13:04 of 3rd period - Drew Shore wins face-off versus Brian Flynn in Avalanche zone.
13:31 of 3rd period - Icing by Victor Bartley.
13:32 of 3rd period - Derek Roy wins face-off versus Derek Stepan in Avalanche zone.
13:44 of 3rd period - Jakub Voracek is hit by Victor Bartley and loses puck.
13:54 of 3rd period - Off-side.
13:55 of 3rd period - Drew Miller wins face-off versus Cody Hodgson in neutral zone.
13:55 of 3rd period - Drew Miller is hit by Johan Franzen.
14:31 of 3rd period - Johan Franzen is hit by Drew Miller and loses puck.
14:54 of 3rd period - Shot by Jakub Voracek.
14:54 of 3rd period - Shot Misses the Net.
14:55 of 3rd period - Minor Penalty to Michael Del Zotto for Slashing.
14:56 of 3rd period - Derek Stepan wins face-off versus Maxime Talbot in Avalanche zone.
15:25 of 3rd period - Shot by Chris Phillips.
15:25 of 3rd period - Stopped by Evgeni Nabokov with a rebound.
15:29 of 3rd period - Shot by Jakub Voracek.
15:29 of 3rd period - Goal by Jakub Voracek - Oilers : 2 - Avalanche : 2.
15:30 of 3rd period - David Backes wins face-off versus Kevin Porter in neutral zone.
15:30 of 3rd period - David Backes is hit by Justin Abdelkader.
16:15 of 3rd period - Icing by Scott Hannan.
16:16 of 3rd period - Derek Stepan wins face-off versus David Backes in Oilers zone.
16:21 of 3rd period - Shot by Derek Stepan.
16:21 of 3rd period - Stopped by Ben Scrivens without a rebound.
16:22 of 3rd period - Maxime Talbot wins face-off versus Derek Stepan in Oilers zone.
16:24 of 3rd period - Icing by Chris Phillips.
16:25 of 3rd period - Derek Roy wins face-off versus Derek Stepan in Oilers zone.
16:44 of 3rd period - Shot by Derek Roy.
16:44 of 3rd period - Stopped by Evgeni Nabokov without a rebound.
16:45 of 3rd period - Cody Hodgson wins face-off versus Brian Flynn in Avalanche zone.
16:50 of 3rd period - Scott Hannan is hit by Johan Franzen.
17:44 of 3rd period - Icing by Nicklas Grossmann.
17:45 of 3rd period - Derek Stepan wins face-off versus Derek Roy in Oilers zone.
18:27 of 3rd period - Shot by Derek Roy.
18:27 of 3rd period - Shot Misses the Net.
19:00 of 3rd period - Minor Penalty to Alexei Emelin for Hooking.
19:01 of 3rd period - Brian Flynn wins face-off versus Derek Stepan in Avalanche zone.
19:18 of 3rd period - Shot by Sheldon Souray.
19:18 of 3rd period - Stopped by Evgeni Nabokov without a rebound.
19:19 of 3rd period - Derek Roy wins face-off versus Derek Stepan in Avalanche zone.
19:35 of 3rd period - Marcus Johansson is hit by Scott Hannan and loses puck.

Overtime #1


0:01 of 1st overtime period - Derek Stepan wins face-off versus Jochen Hecht in neutral zone.
0:13 of 1st overtime period - Minor Penalty to Derek Stepan for Cross-checking.
0:14 of 1st overtime period - Marcus Johansson wins face-off versus Derek Roy in Avalanche zone.
0:14 of 1st overtime period - Marcus Johansson is hit by Maxime Talbot.
0:38 of 1st overtime period - John Carlson is hit by Maxime Talbot and loses puck.
0:47 of 1st overtime period - Shot by Chris Phillips.
0:47 of 1st overtime period - Deflect By Jakub Voracek.
0:47 of 1st overtime period - Goal by Jakub Voracek - Oilers : 3 - Avalanche : 2.


Output by the SimonT Hockey Simulator (STHS) for Stephane Roy -- Original Page W3C XHTML 1.0 Valid
Hockey Simulator - Hockey Simulation - Hockey Manager